 Dungeon Crawl Stone Soup version 0.27.1-3-gb3d3a73c9e (webtiles) character file.

Game seed: 5878290314145499464

36 ZARRMARR the Magician (level 3, 0/28 HPs)
             Began as a Djinni Necromancer on Oct 12, 2021.
             Slain by a goblin (2 damage)
             ... on level 2 of the Dungeon.
             The game lasted 00:03:23 (2039 turns).

ZARRMARR the Magician (Djinni Necromancer)          Turns: 2039, Time: 00:03:23

Health: 0/28       AC:  2    Str:  7    XL:     3   Next: 57%
Gold:   19         EV: 12    Int: 17    God:
                   SH:  0    Dex: 13

rFire    + + .     SeeInvis .   b - +3 dagger (antimagic)
rCold    x . .     Faith    .   (no shield)
rNeg     . . .     Spirit   .   a - +0 robe
rPois    ∞         Reflect  .   (no helmet)
rElec    .         Harm     .   (no cloak)
rCorr    .         Rampage  .   (no gloves)
Will     .....                  (boots unavailable)
Stlth    ++........             (no amulet)
HPRegen  0.09/turn              (no ring)
MPRegen  0.00/turn              (no ring)

@: flying
A: sickness immunity, fire resistance 2, cold vulnerability 1, float, innate
caster, hp casting, extra vitality 1
a: no special abilities


You were on level 2 of the Dungeon.
You visited 1 branch of the dungeon, and saw 2 of its levels.

You collected 19 gold pieces.

Inventory:

Hand Weapons
 b - a +3 antimagic dagger (weapon)
Armour
 a - a +0 robe (worn)
Scrolls
 f - a scroll of fog {unknown}
Potions
 c - a potion of resistance {unknown}
 d - 3 potions of lignification {unknown}
 e - a potion of curing {unknown}
 g - a potion of attraction {unknown}


   Skills:
 + Level 1.9 Fighting
 - Level 2.1 Dodging
 - Level 1.5 Stealth
 + Level 3.7 Spellcasting


You couldn't memorise any spells.
You knew the following spells:

 Your Spells              Type           Power      Damage    Failure   Level
a - Pain                  Necr           60%        1d7       3%          1
b - Animate Skeleton      Necr           30%        N/A       3%          1
c - Vampiric Draining     Necr           7%         2d7       11%         3
d - Animate Dead          Necr           7%         N/A       34%         4
e - Agony                 Necr           15%        N/A       69%         5
f - Corona                Hex            16%        N/A       3%          1
Your spell library was empty.

Dungeon Overview and Level Annotations

Branches:
Dungeon (2/15)

Altars:

Shops:
D:1 (

Annotations:
D:2 Natasha


Innate Abilities, Weirdness & Mutations

You are immune to sickness and miasma.
You are immune to poison.
Your flesh is very heat resistant. (rF++)
You are vulnerable to cold. (rC-)
You float through the air rather than walking.
You learn spells naturally, not from books.
Your magical power is your life essence.
You have superior vitality. (+4 HP)


Message History

Natasha casts a spell.
The shadow imp is unaffected.
Natasha howls an incantation.
Natasha glows brightly for a moment.
The shadow imp hits you.
You barely miss Natasha.
Natasha is moderately wounded.
Natasha casts a spell.
The shadow imp barely misses you.
Unknown command.
Unknown command.
You hit Natasha.
Natasha's magic leaks into the air.
Natasha is heavily wounded.
The goblin barely misses you. The giant cockroach barely misses you.
Natasha completely misses you. The shadow imp misses you.
Unknown command.
You closely miss Natasha.
Natasha is heavily wounded.
The goblin closely misses you.
The giant cockroach bites you but does no damage.
Natasha claws you! The shadow imp closely misses you.
Unknown command.
You closely miss Natasha.
Natasha is heavily wounded.
The crimson imp blinks!
The giant cockroach closely misses you. The goblin hits you but does no damage.
Natasha claws you.
* * * LOW HITPOINT WARNING * * *
The shadow imp hits you but does no damage.
Unknown command.
You barely miss Natasha.
Natasha is heavily wounded.
The giant cockroach bites you but does no damage.
The goblin completely misses you. Natasha claws you.
* * * LOW HITPOINT WARNING * * *
The giant cockroach barely misses you. The shadow imp hits you.
* * * LOW HITPOINT WARNING * * *
You closely miss Natasha.
Natasha is heavily wounded.
The goblin hits you with a +0 dagger.
You die...

# ###...## #. #.......
#####.##### ##.......
#.........######...#####
...................#
#.................##
#....5....##......#
#.....g......######
#..$..h@............
...>...5B.########..
#.........# ##......##..
...###### ... ## .....
..... .....


You could see Natasha, a crimson imp (summoned), a shadow imp (summoned), a
giant cockroach and a goblin.

Vanquished Creatures
  An adder (D:2)
  A dart slug (D:1)
  2 endoplasms
  2 giant cockroaches
  3 goblins (D:1)
  2 kobolds (D:1)
  4 ball pythons
  4 bats (D:1)
  A frilled lizard (D:1)
  4 rats
24 creatures vanquished.

Notes
Turn   | Place    | Note
-------+----------+-------------------------------------------
     0 | D:1      | ZARRMARR the Djinni Necromancer began the quest for the
                  | Orb.
     0 | D:1      | Reached XP level 1. HP: 15/15 MP: 0/0
   470 | D:1      | Reached XP level 2. HP: 13/22 MP: 0/0
   478 | D:1      | Reached skill level 1 in Fighting
   692 | D:1      | Found Qihis's Antique Weapon Shoppe.
  1243 | D:1      | Reached XP level 3. HP: 13/27 MP: 0/0
  1243 | D:1      | Learned a level 1 spell: Corona
  2028 | D:2      | Noticed Natasha
  2039 | D:2      | Slain by a goblin

Illustrated notes

Levels and vault maps discovered:
D:1:      lightli_arrival_isolated_outpost, layout_loops_ring, serial_shops,
          shop
D:2:      layout_rooms, uniq_natasha

Skill      XL: |  1  2 |
---------------+-------+-----
Fighting       | 1 |  1.9
Dodging        | |  2.1
Stealth        | |  1.5
Spellcasting   | |  3.7

Action                   || total
-------------------------++-------
Melee: Dagger            ||    13
 Cast: Pain              ||    44
  Use: Scroll            ||     2
 Stab: Sleeping          ||     1
Armor: Robe              ||     8
Dodge: Dodged            ||    20
